AoeStats
← old f1sh

Arabia

510081323Analyzed
1v1 RM · 2d ago on Sep 29, 2026· 18m 55s· 2 players
Game mode
Random Map
Map size
Tiny (2 player)
Population
200
Speed
Normal
Resources
Standard
Victory
Conquest
Starting age
Dark Age
Ending age
Imperial Age
RankedLock teamsTeams togetherTeam positionsShared explorationLock speedFull tech treeHidden civsTurbo modeCheats
Victory
Defeat
🇹🇼 Poles · Taiwan
1603
+15
🇨🇳 Wei · China
1590
-15
old f1sh
6:33 Loom
8:31 Feudal Age
8:58 Loom
9:00 Double-Bit Axe
8:55 Horse Collar
18:59 Castle Age
asd911s
6:30 Loom
9:15 Feudal Age
10:00 Double-Bit Axe
10:36 Horse Collar
18:19 Forging
18:22 Bloodlines
19:07 Scale Barding Armor
Connection lost

Rejoining the realm…

Still unreachable

The connection could not be restored.

Session expired

The server has moved on; the page needs a fresh start.